 Dungeon Crawl Stone Soup version 0.27.1-33-g824d729ab1 (webtiles) character file.

Game seed: 7947372757445925590

4447 daervis the Cleaver (level 10, -3/61 HPs)
             Began as a Gargoyle Berserker on Dec 17, 2021.
             Was a High Priest of Trog.
             Slain by a komodo dragon (10 damage)
             ... on level 1 of the Lair of Beasts.
             The game lasted 00:39:44 (7714 turns).

daervis the Cleaver (Gargoyle Berserker)            Turns: 7714, Time: 00:39:45

Health: -3/61      AC: 17    Str: 24    XL:     10   Next: 37%
Magic:  10/10      EV: 10    Int:  8    God:    Trog [*****.]
Gold:   489        SH:  0    Dex:  9    Spells: 9/9 levels left

rFire    . . .     SeeInvis .   E - +4 executioner's axe (flame)
rCold    . . .     Faith    .   (shield currently unavailable)
rNeg     + . .     Spirit   .   B - +0 scale mail
rPois    ∞         Reflect  .   (no helmet)
rElec    +         Harm     .   (no cloak)
rCorr    .         Rampage  .   v - +1 pair of gloves
Will     .....                  (no boots)
Stlth    ..........             n - amulet of regeneration
HPRegen  1.20/turn              j - +4 ring of slaying
MPRegen  0.12/turn              o - +4 ring of slaying

@: marked
A: sickness immunity, AC +7, negative energy resistance 1, electricity
resistance, torment resistance 1, petrification resistance, hooves 1, wild magic
1
a: Renounce Religion, Berserk, Trog's Hand, Brothers in Arms


You were on level 1 of the Lair of Beasts.
You worshipped Trog.
Trog was extremely pleased with you.
You visited 3 branches of the dungeon, and saw 11 of its levels.
You also visited: Sewer.

You collected 489 gold pieces.

Inventory:

Hand Weapons
 E - a +4 executioner's axe of flaming (weapon)
Armour
 b - a +0 animal skin
 v - a +1 pair of gloves (worn)
 B - a +0 scale mail (worn)
Jewellery
 d - a ring of poison resistance
 j - a +4 ring of slaying (left hand)
 l - a ring of flight
 n - an amulet of regeneration (around neck)
 o - a +4 ring of slaying (right hand)
 r - an amulet of guardian spirit
 C - a +6 ring of dexterity
Wands
 t - a wand of flame (66)
Scrolls
 a - a scroll of teleportation
 c - 2 scrolls of fear {unknown}
 f - a scroll of holy word {unknown}
 g - 3 scrolls of magic mapping
 i - 2 scrolls of enchant weapon
Potions
 e - 3 potions of haste
 h - 3 potions of might
 m - a potion of lignification
 p - a potion of heal wounds
 q - 3 potions of cancellation
 w - 2 potions of invisibility
 x - 4 potions of brilliance
 z - a potion of mutation


   Skills:
 + Level 6.9 Fighting
 * Level 11.6 Axes
 + Level 6.4 Armour
 - Level 1.5 Dodging


You had 9 spell levels left.
You didn't know any spells.
Your spell library was empty.

Dungeon Overview and Level Annotations

Branches:
Dungeon (9/15)             Temple (1/1) D:6            Lair (1/6) D:8
  Sewer (visited)
    Orc: D:9-12

Altars:
Ashenzari
Cheibriados
Dithmenos
Elyvilon
Fedhas
Gozag
Hepliaklqana
Kikubaaqudgha
Makhleb
Nemelex Xobeh
Okawaru
Ru
Trog
Uskayaw
Vehumet
Wu Jian
Yredelemnul
Zin

Shops:
D:4 [


Innate Abilities, Weirdness & Mutations

You are immune to sickness and miasma.
Your stone body is resilient. (AC +7)
You are immune to poison.
You resist negative energy. (rN+)
You are resistant to electric shocks. (rElec)
You are resistant to unholy torment.
You are immune to petrification.
You have large cloven feet.
Your spells are a little harder to cast, but a little more powerful.


Message History

The bullfrog hits you.
You chop the bullfrog into pieces!!! You burn the bullfrog.
You kill the bullfrog!
Trog accepts your kill.
A black mamba comes into view.
A komodo dragon comes into view.
A boulder beetle comes into view.
You see here a bullfrog corpse.
The boulder beetle curls into a ball and begins rolling!
A water moccasin comes into view.
The black mamba bites you but does no damage.
There is a staircase back to the Dungeon here.
You closely miss the black mamba. You kick the black mamba.
The black mamba is lightly wounded.
The black mamba bites you! The boulder beetle hits you!!
The boulder beetle stops rolling and uncurls.
The black mamba bites you but does no damage.
You miss the black mamba. Your kick misses the black mamba.
The black mamba is lightly wounded.
You hit the boulder beetle but do no damage.
The black mamba bites you! x2
* * * LOW HITPOINT WARNING * * *
The boulder beetle leaps!
The black mamba closely misses you.
You slice the black mamba!! You burn the black mamba. You kick the black mamba.
The black mamba is almost dead.
The black mamba bites you but does no damage.
The black mamba bites you!
* * * LOW HITPOINT WARNING * * *
The water moccasin bites you but does no damage.
You barely miss the black mamba. Your kick misses the black mamba.
The black mamba is almost dead.
You slash the water moccasin! You burn the water moccasin.
The black mamba bites you but does no damage.
The water moccasin bites you but does no damage.
The black mamba closely misses you. The water moccasin closely misses you.
The black mamba barely misses you. The black mamba bites you.
* * * LOW HITPOINT WARNING * * *
The boulder beetle leaps!
The water moccasin closely misses you. The komodo dragon bites you!
You die...

# #### ##.###..#
#.....@.##
.>....SSl.##
...........#
..........†#
..................
......○...........
..................
..................
..P..............


You could see a komodo dragon, a black mamba and a water moccasin.

Vanquished Creatures
  Maggie (D:6)
  A komodo dragon (D:8)
  A hornet (D:8)
  A steam dragon (D:6)
  Menkaure (D:7)
  A water moccasin (D:5)
  2 black bears
  2 orc warriors (D:8)
  A hornet zombie (D:5)
  4 ogres (D:6)
  A centaur (D:5)
  A phantom (D:6)
  A gnoll sergeant (D:5)
  4 bullfrogs
  9 scorpions
  A wyvern skeleton (D:7)
  3 water moccasin skeletons
  3 killer bees (D:7)
  7 howler monkeys
  A bullfrog zombie (D:5)
  2 centaur zombies (D:5)
  3 jellies
  A bullfrog skeleton (D:5)
  An orc priest (D:4)
  3 hounds
  5 iguanas
  5 orc wizards
  A scorpion zombie (D:5)
  2 howler monkey zombies (D:8)
  8 gnolls
  3 howler monkey skeletons
  11 adders
  3 river rats (Sewer)
  A shadow imp (D:7)
  A white imp (D:6)
  An ufetubus (D:6)
  3 dart slugs
  16 orcs
  8 bats
  2 endoplasms
  5 giant cockroaches
  9 goblins
  5 hobgoblins
  3 quokkas
  10 ball pythons
  3 frilled lizards
  26 kobolds
  29 rats
216 creatures vanquished.

Vanquished Creatures (others)
  13 fungi
  14 plants
27 creatures vanquished.

Grand Total: 243 creatures vanquished

Notes
Turn   | Place    | Note
-------+----------+-------------------------------------------
     0 | D:1      | daervis the Gargoyle Berserker began the quest for the Orb.
     0 | D:1      | Reached XP level 1. HP: 14/14 MP: 1/1
   300 | D:1      | Reached skill level 3 in Axes
   310 | D:1      | Reached XP level 2. HP: 18/19 MP: 2/2
   665 | D:1      | Reached XP level 3. HP: 10/23 MP: 3/3
  1459 | D:2      | Found a faded altar of an unknown god.
  1615 | D:2      | Reached skill level 4 in Axes
  1615 | D:2      | Reached XP level 4. HP: 29/29 MP: 4/4
  1707 | D:2      | Found a white marble altar of Elyvilon.
  2103 | D:3      | Found an iron altar of Okawaru.
  2178 | D:3      | Found a shadowy altar of Dithmenos.
  2265 | D:3      | Reached ** piety under Trog
  2502 | D:3      | Reached XP level 5. HP: 33/33 MP: 5/5
  2755 | D:4      | Found Jityohuc's Armour Shop.
  2973 | D:5      | Entered Level 5 of the Dungeon
  2985 | D:4      | Reached skill level 5 in Axes
  3008 | D:4      | Reached XP level 6. HP: 38/38 MP: 6/6
  3362 | D:5      | Reached skill level 6 in Axes
  3362 | D:5      | Reached XP level 7. HP: 43/43 MP: 7/7
  3760 | D:5      | Reached *** piety under Trog
  4062 | D:5      | Reached skill level 7 in Axes
  4083 | D:5      | Identified the +1 robe of Muttered Phrases {*Slow rCorr
                  | Int-5 Archmagi}
  4097 | D:5      | Reached XP level 8. HP: 32/48 MP: 8/8
  4177 | D:5      | Reached skill level 5 in Fighting
  4187 | D:5      | Reached skill level 8 in Axes
  4188 | D:5      | Reached skill level 5 in Armour
  4654 | D:6      | Found a glowing drain.
  4678 | Sewer    | Entered a sewer
  4942 | Sewer    | Reached **** piety under Trog
  5343 | D:6      | Reached skill level 9 in Axes
  5343 | D:6      | Reached XP level 9. HP: 40/54 MP: 9/9
  5349 | D:6      | Found a staircase to the Ecumenical Temple.
  5461 | D:6      | Found a burning altar of Makhleb.
  5565 | D:6      | Reached skill level 10 in Axes
  5594 | D:6      | Found the +7 Singing Sword {vorpal, sonic wave}
  5614 | D:6      | Reached ***** piety under Trog
  5734 | Temple   | Entered the Ecumenical Temple
  6002 | D:6      | Noticed Maggie
  6022 | D:6      | Killed Maggie
  6494 | D:7      | Noticed Menkaure
  6498 | D:7      | Received a gift from Trog
  6505 | D:7      | Killed Menkaure
  6753 | D:6      | Gained mutation: Your spells are a little harder to cast,
                  | but a little more powerful. [potion of mutation]
  6753 | D:6      | Gained mutation: You have large cloven feet. [potion of
                  | mutation]
  6841 | D:7      | Found a sparkling altar of Nemelex Xobeh.
  6848 | D:7      | Reached XP level 10. HP: 61/61 MP: 10/10
  6875 | D:7      | Reached skill level 11 in Axes
  7665 | D:8      | Found a staircase to the Lair.
  7694 | Lair:1   | Entered Level 1 of the Lair of Beasts
  7705 | Lair:1   | Noticed a black mamba
  7706 | Lair:1   | Noticed a boulder beetle
  7714 | Lair:1   | Slain by a komodo dragon

Illustrated notes

Levels and vault maps discovered:
D:1:      elethiomel_arrival_fortress_basement, layout_basic, nrook_mini_vaults
D:2:      layout_basic, basic_altar, hellmonk_ecumenical_altar_arch_garden
D:3:      layout_loops_ring, mainiacjoe_overflow_alcove_4,
          overflow_temple_1_default, kennysheep_crisscross
D:4:      layout_gridville, serial_shops, shop
D:5:      layout_layer_cave, grunt_ministairs_2, minmay_bent
D:6:      old_forge, layout_basic, lemuel_doored_altar,
          minmay_temple_entry_arrows, gup_sewer_entry_glass,
          serial_bayou_pond_d, uniq_crazy_yiuf_cottage, uniq_maggie
D:7:      layout_cave_pods, nemelex_xobeh_ov_fountains_minmay, minivault_22,
          uniq_menkaure
D:8:      layout_rooms, grunt_lair_entry_orc_guard_hut, enter_bailey_3,
          minmay_tree_intersection
D:9:      layout_grid_maze, minitemple, minmay_checkerbox
Temple:   nicolae_temple_figure_eight
Lair:1:   layout_hall_layers, nzn_masters_of_martial_movement

Skill      XL: |  1  2  3  4  5  6  7  8  9 10 |
---------------+-------------------------------+-----
Axes           | 3 4 5 6 7 9 10 11 | 11.6
Armour         | 3 4 5 6 |  6.4
Fighting       | 4 5 6 |  6.9
Dodging        | |  1.5

Action                   |  1- 3 |  4- 6 |  7- 9 | 10-12 || total
-------------------------+-------+-------+-------+-------++-------
Melee: Hand axe          |   130 |   111 |   264 |       ||   505
       Executioner's axe |       |       |    13 |    53 ||    66
       Kick              |       |       |     1 |    13 ||    14
Invok: Berserk           |       |     2 |     3 |       ||     5
  Use: Potion            |       |       |    10 |       ||    10
       Scroll            |       |       |     9 |       ||     9
 Stab: Held in net/web   |       |       |     1 |       ||     1
Armor: Ring mail         |    48 |    64 |   112 |       ||   224
       Scale mail        |       |       |    51 |    42 ||    93
Dodge: Dodged            |    80 |    89 |   151 |    32 ||   352
